 Dungeon Crawl Stone Soup version 0.26-a0-854-gdc81c2f471 (webtiles) character file.

Game seed: 9353087002298999535

51 Forecaster the Magician (level 3, -5/28 HPs)
             Began as a Naga Hedge Wizard on Nov 23, 2020.
             Slain by Sigmund
             ... wielding a cursed +0 scythe
              (13 damage)
             ... on level 2 of the Dungeon.
             The game lasted 00:05:05 (2049 turns).

Forecaster the Magician (Naga Hedge Wizard)         Turns: 2049, Time: 00:05:05

Health: -5/28      AC:  2    Str: 12    XL:     3   Next: 81%
Magic:  1/8        EV: 10    Int: 15    God:
Gold:   52         SH:  0    Dex: 10    Spells: 2/9 levels left

rFire    . . .     SeeInvis +   h - +2 dagger (freeze)
rCold    . . .     Faith    .   (no shield)
rNeg     . . .     Spirit   .   b - +0 robe
rPois    +         Reflect  .   c - +0 hat
rElec    .         Harm     .   (no cloak)
rCorr    .         Rampage  .   (no gloves)
MR       .....                  (no barding)
Stlth    ++........             (no amulet)
HPRegen  0.09/turn              (no ring)
MPRegen  0.11/turn              (no ring)

@: hasted, quick
A: large, see invisible, deformed body, poison resistance, slowness 2, spit
poison 1, AC +1
a: Spit Poison


You were on level 2 of the Dungeon.
You visited 1 branch of the dungeon, and saw 2 of its levels.

You collected 52 gold pieces.

Inventory:

Hand Weapons
 a - a +0 dagger
 h - a +2 dagger of freezing (weapon)
Armour
 b - a +0 robe (worn)
 c - a +0 hat (worn)
Scrolls
 f - a scroll of remove curse {unknown}
 g - 2 scrolls of noise {unknown}
 i - 3 scrolls of identify {unknown}
 j - 3 scrolls of enchant armour {unknown}
 k - a scroll of random uselessness {unknown}
 o - a scroll of amnesia {unknown}
 p - 2 scrolls of enchant weapon {unknown}
 q - a scroll of fog {unknown}
 r - a scroll of fear {unknown}
Potions
 l - a potion of curing {unknown}
 m - a potion of flight {unknown}
 n - a potion of cancellation {unknown}


   Skills:
 + Level 0.1 Fighting
 + Level 0.4 Short Blades
 + Level 1.7 Dodging
 + Level 3.5 Stealth
 + Level 3.8 Spellcasting
 + Level 1.4 Conjurations
 + Level 1.1 Summonings
 + Level 1.1 Translocations


You had 2 spell levels left.
You knew the following spells:

 Your Spells              Type           Power        Failure   Level
a - Magic Dart            Conj           #...         10%         1
b - Call Imp              Summ           #.......     17%         2
c - Blink                 Tloc           N/A          19%         2
d - Slow                  Hex            #.......     28%         2

Your spell library contained the following spells:

 Spells                   Type           Power        Failure   Level
 Conjure Flame            Conj/Fire      #.......     38%         3
 Mephitic Cloud           Conj/Pois/Air  #.......     41%         3


Dungeon Overview and Level Annotations

Branches:
Dungeon (2/15)

Altars:

Annotations:
D:2 Sigmund


Innate Abilities, Weirdness & Mutations

You cannot wear boots.
Your serpentine skin is tough. (AC +1)
You have supernaturally acute eyesight. (SInv)
Armour fits poorly on your strangely shaped body.
Your system is resistant to poisons. (rPois)
You cover ground very slowly.
You can spit poison.


Message History

Your crimson imp blinks!
Your crimson imp disappears in a puff of smoke!
A jackal comes into view.
Sigmund is suddenly surrounded by pale green light.
A jackal comes into view.
Sigmund hits you with a cursed +0 scythe.
You closely miss Sigmund.
Sigmund is moderately wounded.
You closely miss Sigmund.
Sigmund is moderately wounded.
Sigmund barely misses you.
You hit Sigmund but do no damage.
Sigmund is moderately wounded.
The jackal closely misses you.
You barely miss Sigmund.
Sigmund is moderately wounded.
The jackal bites you.
* * * LOW HITPOINT WARNING * * *
Sigmund hits you with a cursed +0 scythe!
You die...

## #.. ...........#......
.# #.#
########.##.#.###.#
................†........
.#.#.########.##.#####.#
55........##.##.# #.#
#@#.#####.##.##.# #.#
#.#..........##.# #.#
#.#######.#####.#####.#
#.#...h@@...............#
#......h5##.(####.#######
########.###.# #.# #.#
#.# #.# ####.###)####.#
#.............#.#
#.##.####.###.#.#
#.##..........#.#
#.#.....#.###.#.#


You could see Sigmund (invisible), 2 jackals and a friendly crimson imp
(summoned).

Vanquished Creatures
  A dart slug (D:1)
  A leopard gecko (D:1)
  A ball python (D:1)
  5 bats
  3 giant cockroaches
  5 goblins
  2 hobgoblins (D:1)
  6 jackals
  2 frilled lizards
  5 kobolds
  6 rats
37 creatures vanquished.

Vanquished Creatures (collateral kills)
  An ooze (D:1)
  A worm (D:2)
  A hobgoblin (D:1)
  A jackal (D:1)
  2 kobolds (D:1)
6 creatures vanquished.

Grand Total: 43 creatures vanquished

Notes
Turn   | Place    | Note
-------+----------+-------------------------------------------
     0 | D:1      | Forecaster the Naga Hedge Wizard began the quest for the
                  | Orb.
     0 | D:1      | Reached XP level 1. HP: 15/15 MP: 4/4
   405 | D:1      | Reached XP level 2. HP: 22/22 MP: 1/6
   950 | D:1      | Learned a level 2 spell: Call Imp
   953 | D:1      | Learned a level 2 spell: Blink
   956 | D:1      | Learned a level 2 spell: Slow
  1087 | D:1      | Reached XP level 3. HP: 24/28 MP: 5/8
  2018 | D:2      | Noticed Sigmund
  2049 | D:2      | Slain by Sigmund

Illustrated notes

Levels and vault maps discovered:
D:1:      dpeg_arrival_simpleton_a, layout_loops_ring
D:2:      layout_basic, st_stairs_8, uniq_robin, uniq_sigmund

Action                   || total
-------------------------++-------
Melee: Dagger            ||    71
 Cast: Magic Dart        ||    45
       Call Imp          ||    12
 Abil: Spit Poison       ||     1
  Use: Potion            ||     2
Armor: Robe              ||    14
Dodge: Dodged            ||    41

Table legend: (Time is in decaauts)
 A = Elapsed time spent in this place.
 B = Non-inter-level travel time spent in this place.
 C = Inter-level travel time spent in this place.
 D = Time resting spent in this place.
 E = Time spent auto-exploring this place.
 F = Levels seen in this place.
 G = Mean time per level.
                   A        B        C        D        E       F      G
               +--------+--------+--------+--------+--------+-----+--------+
         Total |   2360 |   2335 |     25 |    587 |   1327 |   2 | 1180.0 |
       Dungeon |   2360 |   2335 |     25 |    587 |   1327 |   2 | 1180.0 |
               +--------+--------+--------+--------+--------+-----+--------+

Top non-repeatable levels by time:
     D:1: 1926 daAuts
     D:2: 434 daAuts
